 Dungeon Crawl Stone Soup version 0.28-a0-2-g643f2454ad (webtiles) character file.

Game seed: 4818595209344318802

2 hatdisgam the Chiller (level 1, -1/13 HPs)
             Began as a Barachi Ice Elementalist on July 23, 2021.
             Slain by a rat (2 damage)
             ... on level 1 of the Dungeon.
             The game lasted 00:00:41 (117 turns).

hatdisgam the Chiller (Barachi Ice Elementalist)     Turns: 117, Time: 00:00:41

Health: -1/13      AC:  2    Str:  9    XL:     1   Next: 30%
Magic:  2/3        EV: 12    Int: 15    God:
Gold:   13         SH:  0    Dex: 12    Spells: 3/4 levels left

rFire   . . .      SeeInvis .   (no weapon)
rCold   . . .      Faith    .   (no shield)
rNeg    . . .      Spirit   .   a - +0 robe
rPois   .          Reflect  .   (no helmet)
rElec   .          Harm     .   (no cloak)
rCorr   .          Rampage  .   (no gloves)
Will    .....                   (no boots)
Stlth   ++........              (no amulet)
HPRegen 0.04/turn               (no ring)
MPRegen 0.08/turn               (no ring)

@: unable to hop, slow
A: amphibious, slowness 1, strong legs 1, +LOS
a: Hop


You were on level 1 of the Dungeon.
You visited 1 branch of the dungeon, and saw 1 of its levels.

You collected 13 gold pieces.

Inventory:

Armour
 a - a +0 robe (worn)
Scrolls
 b - a scroll of teleportation {unknown}


   Skills:
 - Level 2.1 Dodging
 - Level 1.7 Stealth
 + Level 2.2 Spellcasting
 * Level 4.9 Ice Magic


You had 3 spell levels left.
You knew the following spells:

 Your Spells              Type           Power      Damage    Failure   Level
a - Freeze                Ice            64%        1d8       2%          1

Your spell library contained the following spells:

 Spells                   Type           Power      Damage    Failure   Level
 Frozen Ramparts          Ice            32%        1d5       9%          3
 Ozocubu's Armour         Ice            16%        N/A       9%          3
 Hailstorm                Conj/Ice       9%         3d4       61%         4


Dungeon Overview and Level Annotations

Branches:
Dungeon (1/15)

Altars:


Innate Abilities, Weirdness & Mutations

You are amphibious.
You cover ground slowly.
You can hop short distances.
You have an extended range of vision and can be seen from far away.


Message History

You hit the dart slug but do no damage.
The dart slug is severely wounded.
You completely miss the dart slug.
The dart slug is severely wounded.
The dart slug launches a dart at you. The slug dart hits you.
* * * LOW HITPOINT WARNING * * *
You hit the dart slug but do no damage.
The dart slug is severely wounded.
The dart slug closely misses you. The dart slug closely misses you.
A kobold opens the door.
Casting: Freeze (safe; 2% risk of failure)
Confirm with . or Enter, or press ? or * to list all spells.
Aiming: Freeze (safe; 2% risk of failure)
Press: ? - help, Shift-Dir - straight line, f - endoplasm, p - dart slug
Aim: an endoplasm You freeze the endoplasm.
The endoplasm is almost dead.
The kobold shouts!
The kobold throws a stone.
The stone closely misses you.
The stone hits the endoplasm but does no damage.
The endoplasm closely misses you.
The kobold hits you with a +0 short sword.
* * * LOW HITPOINT WARNING * * *
The endoplasm closely misses you.
The endoplasm hits you but does no damage.
Found 14 gold pieces and 8 boomerangs.
Found a scroll labelled KEAWAR TEYSTRIG.
Hop to where?
Press: ? - help, Dir - move target, p - endoplasm Boing!
A rat comes into view.
The rat bites you.
* * * LOW HITPOINT WARNING * * *
The rat twitches its whiskers.
The rat closely misses you. The rat completely misses you.
The rat bites you but does no damage. The rat bites you.
You die...

#.##.######.##.#.#'#####
#.##.....##......#...
#.##.....##..#.###.###
#.##K....##..#.# .#
#.##............ ..
#.##.##......... .#
#.#..K.?.....b.. .#
##..rJ.....$...
####@.........
#......(.. #.........
#......... ####.##### .#
.# #


You could see an endoplasm, a bat, a kobold and a rat.

Vanquished Creatures
  A hobgoblin (D:1)
  A ball python (D:1)
2 creatures vanquished.

Notes
Turn   | Place    | Note
-------+----------+-------------------------------------------
     0 | D:1      | hatdisgam the Barachi Ice Elementalist began the quest for
                  | the Orb.
     0 | D:1      | Reached XP level 1. HP: 13/13 MP: 3/3
   117 | D:1      | Slain by a rat

Illustrated notes

Levels and vault maps discovered:
D:1:      dpeg_arrival_lava_altar, layout_basic,
          dreamdust_ecumenical_altar_statues, minmay_misc_feat_tiny

Action                   || total
-------------------------++-------
Melee: Unarmed           ||     6
 Cast: Freeze            ||     5
 Abil: Hop               ||     1
Armor: Robe              ||     2
Dodge: Dodged            ||     8

Table legend: (Time is in decaauts)
 A = Elapsed time spent in this place.
 B = Non-inter-level travel time spent in this place.
 C = Inter-level travel time spent in this place.
 D = Time resting spent in this place.
 E = Time spent auto-exploring this place.
 F = Levels seen in this place.
 G = Mean time per level.
                   A        B        C        D        E       F      G
               +--------+--------+--------+--------+--------+-----+--------+
         Total |    135 |    135 |      0 |      0 |     83 |   1 |  135.0 |
       Dungeon |    135 |    135 |      0 |      0 |     83 |   1 |  135.0 |
               +--------+--------+--------+--------+--------+-----+--------+

Top non-repeatable levels by time:
     D:1: 135 daAuts
